 Dungeon Crawl Stone Soup version 0.30.0-29-ga12c61a403 (webtiles) character file.

Game seed: 16946603518018267195

37322 Ijustatesigmund the Timeless (level 13, -14/82 HPs)
             Began as an Octopode Venom Mage on June 14, 2023.
             Was a High Priest of Cheibriados.
             Demolished by Rupert
             ... wielding a +3 executioner's axe of electrocution
              (42 damage)
             ... on level 3 of the Lair of Beasts.
             The game lasted 00:48:20 (20641 turns).

Ijustatesigmund the Timeless (Octopode Venom Mage) Turns: 20641, Time: 00:48:23

Health: -14/82     AC:  1    Str: 22    XL:     13   Next: 95%
Magic:  20/26      EV: 27    Int: 34    God:    Cheibriados [*****.]
Gold:   847        SH:  9    Dex: 41    Spells: 7/30 levels left

rFire   + . .        d - +6 war axe (freeze)
rCold   . . .        e - +0 buckler
rNeg    . . .        L - +0 hat {Stlth+}
rPois   +            x - amulet of Bonamam {Fragile rPois Regen+ Dex+10 Slay+5}
rElec   .            j - ring of see invisible
rCorr   +            m - +4 ring of slaying
SInv    +            u - ring of protection from fire
Will    .....        C - ring of resist corrosion
Stlth   ++++++       v - +5 ring of evasion
HPRegen 1.13/turn    D - ring of wizardry
MPRegen 0.20/turn    k - +6 ring of dexterity
                     (no ring)

%: wizardry (x1)
@: marked, very slow
A: almost no armour, amphibious, 8 rings, camouflage 1, gelatinous body 1,
(nimble swimmer 1), tentacles
a: Renounce Religion, Bend Time, Temporal Distortion, Slouch, Step From Time


You were on level 3 of the Lair of Beasts.
You worshipped Cheibriados.
Cheibriados was extremely pleased with you.
You visited 3 branches of the dungeon, and saw 17 of its levels.
You also visited: Volcano.

You collected 2896 gold pieces.
You spent 2049 gold pieces at shops.

Inventory:

Hand Weapons
 b - a +1 broad axe of flaming
 d - a +6 war axe of freezing (weapon)
Missiles
 A - a throwing net
Armour
 e - a +0 buckler (worn)
 g - a +2 kite shield
 L - a +0 hat of stealth (worn)
Jewellery
 j - a ring of see invisible (left tentacle)
 k - a +6 ring of dexterity (on tentacle)
 m - a +4 ring of slaying (right tentacle)
 u - a ring of protection from fire (on tentacle)
 v - a +5 ring of evasion (on tentacle)
 x - the amulet of Bonamam (around mantle) {Fragile rPois Regen+ Dex+10 Slay+5}
   (You bought it in a shop on level 1 of the Dungeon)

   [amulet of regeneration]

   Dex:       It affects your dexterity (+10).
   Slay:      It affects your accuracy & damage with ranged weapons and melee
   (+5).
   rPois:     It protects you from poison.
   Regen:     It increases your rate of health regeneration.
   Fragile:   It will be destroyed if unequipped.
 C - a ring of resist corrosion (on tentacle)
 D - a ring of wizardry (on tentacle)
 F - an amulet of the acrobat
Wands
 f - a wand of polymorph (18)
 o - a wand of paralysis (21)
Scrolls
 c - 5 scrolls of immolation
 h - 4 scrolls of fog
 i - 2 scrolls of brand weapon
 s - 7 scrolls of teleportation
 t - 5 scrolls of fear
 w - a scroll of blinking
 y - a scroll of poison
 B - 10 scrolls of identify
 E - a scroll of amnesia
 H - a scroll of summoning
 J - 2 scrolls of magic mapping
Potions
 a - a potion of magic
 l - a potion of might
 n - 2 potions of attraction
 p - 7 potions of curing
 q - 3 potions of brilliance
 r - 3 potions of lignification
 z - a potion of resistance
 G - 2 potions of cancellation
 I - a potion of invisibility
 K - a potion of berserk rage {unknown}
 M - a potion of heal wounds


   Skills:
 - Level 5.5 Fighting
 - Level 5.6 Axes
 - Level 6.1 Dodging
 + Level 3.6 Stealth
 - Level 4.9 Shields
 + Level 9.4 Spellcasting
 + Level 5.4 Conjurations
 + Level 7.5 Necromancy
 + Level 6.8 Transmutations
 + Level 6.8 Fire Magic
 + Level 5.9 Air Magic
 + Level 8.3 Poison Magic
 + Level 10.0 Invocations
 - Level 2.5 Evocations


You had 7 spell levels left.
You knew the following spells:

 Your Spells              Type           Power      Damage    Failure   Level
a - Sting                 Tmut/Pois      100%       1d8       1%          1
b - Poisonous Vapours     Pois/Air       100%       N/A       1%          2
c - Mephitic Cloud        Conj/Pois/Air  57%        N/A       1%          3
d - Olgreb's Toxic Radia  Pois           64%        N/A       1%          4
e - Dispel Undead         Necr           61%        3d21      1%          4
f - Sticky Flame          Conj/Fire      55%        2d7       1%          4
g - Irradiate             Conj/Tmut      27%        3d20      3%          5

Your spell library contained the following spells:

 Spells                   Type           Power      Damage    Failure   Level
 Foxfire                  Conj/Fire      100%       2x1d9     1%          1
 Kiss of Death            Conj/Necr      100%       2d13      1%          1
 Magic Dart               Conj           100%       1d8       1%          1
 Necrotise                Necr           100%       1d9       1%          1
 Summon Small Mammal      Summ           64%        N/A       1%          1
 Call Imp                 Summ           32%        N/A       1%          2
 Inner Flame              Hex/Fire       39%        N/A       1%          3
 Vampiric Draining        Necr           61%        2d10      1%          3
 Flame Wave               Conj/Fire      55%        2d13      1%          4
 Agony                    Necr           61%        N/A       1%          5
 Blade Hands              Tmut           29%        N/A       2%          5
 Petrify                  Tmut/Erth      39%        N/A       3%          4
 Fireball                 Conj/Fire      27%        3d12      3%          5
 Call Canine Familiar     Summ           16%        N/A       4%          3
 Confusing Touch          Hex            16%        N/A       4%          3
 Summon Guardian Golem    Hex/Summ       16%        N/A       4%          3
 Leda's Liquefaction      Hex/Erth       8%         N/A       13%         4
 Plasma Beam              Fire/Air       28%        2x1d44    16%         6
 Starburst                Conj/Fire      27%        6d9       16%         6
 Lee's Rapid Deconstruct  Erth           8%         3d7*      34%         5
 Metabolic Englaciation   Hex/Ice        8%         N/A       34%         5
 Statue Form              Tmut/Erth      26%        N/A       43%         6
 Dragon Form              Tmut           29%        N/A       52%         7
 Chain Lightning          Conj/Air       26%        3d35      100%        9
 Fire Storm               Conj/Fire      27%        8d7       100%        9
 Shatter                  Erth           8%         3d10*     100%        9


Dungeon Overview and Level Annotations

Branches:
Dungeon (13/15)            Temple (1/1) D:5            Lair (3/5) D:10
 Shoals (0/4) Lair:3       Spider (0/4) Lair:3          Orc (0/2) D:10
 Vaults (0/5) D:13        Volcano (visited)

Altars:
Ashenzari
Cheibriados
Dithmenos
Elyvilon
Fedhas
Gozag
Hepliaklqana
Kikubaaqudgha
Makhleb
Nemelex Xobeh
Okawaru
Qazlal
Ru
Sif Muna
Trog
Uskayaw
Vehumet
Wu Jian
Xom
Yredelemnul
Zin
The Shining One

Shops:
D:1 *:==   D:10 [(

Annotations:
D:6 3 runed translucent doors, Bnni's ghost, novice FoEE; kthxbai's ghost, novice VSFi
Lair:3 Rupert


Innate Abilities, Weirdness & Mutations

You cannot wear most types of armour.
You are amphibious.
You can wear up to eight rings at the same time.
Your skin changes colour to match your surroundings (Stealth+).
Your rubbery body absorbs attacks. (AC +1, EV +1)
((You are camouflaged when in or above water. (Stealth+)))
You have tentacles for arms and can constrict up to eight enemies at once.


Message History

The rime drake is almost dead.
Rupert seems less confused.
The rime drake completely misses you.
Rupert looks excited.
The rime drake breathes ice at you. You block the icy flash freeze.
Rupert is engulfed in noxious fumes.
Rupert roars madly and goes into a rage!
Rupert goes berserk!
You slash Rupert! You freeze Rupert. You grab Rupert.
Rupert is moderately wounded.
You slash the rime drake!
You kill the rime drake!
Cheibriados thoroughly appreciates the change of pace.
You constrict Rupert.
Rupert is engulfed in noxious fumes.
Rupert appears confused.
You block Rupert's attack.
Your Invocations skill increases to level 10!
You slash Rupert! You freeze Rupert. You squeeze Rupert!
Rupert is moderately wounded.
You constrict Rupert.
Rupert escapes!
Rupert is engulfed in noxious fumes.
Rupert appears confused.
Rupert misses you.
Rupert hits himself with a +3 executioner's axe of electrocution!!!
Lightning courses through Rupert!
A komodo dragon comes into view.
You hit Rupert but do no damage. You grab Rupert.
Rupert is severely wounded.
You constrict Rupert, but do no damage.
Rupert is engulfed in noxious fumes.
Rupert appears confused.
Rupert completely misses you.
Rupert completely misses himself.
You catch the helpless Rupert completely off-guard!
You slice Rupert!! You freeze Rupert! You squeeze Rupert.
Rupert is almost dead.
You constrict Rupert.
Rupert is engulfed in noxious fumes.
Rupert hits you with a +3 executioner's axe of electrocution!!!
You are electrocuted!!
You slash Rupert! You freeze Rupert. You squeeze Rupert!
Rupert is almost dead.
You constrict Rupert, but do no damage.
Rupert struggles to escape constriction.
Rupert hits you with a +3 executioner's axe of electrocution!!!
Ouch! That really hurt!
You die...

##.......#
#......P#.....
##.......#
#.#......####..
#........# #
#.....P# ###
#.......##
##..#P## #....####
...### #.....###
P...
#.......####P....
#.........@......
#.....#...@.......
#....##P...†......
####.#............
###............
#.....l.......
#P.............
..........#...!
..........##..?


You could see Rupert (berserk, confused, very poisoned) and a komodo dragon.

Vanquished Creatures
  Jorgrun (D:13)
  Gastronok (Lair:2)
  4 centaur warriors (D:13)
  2 two-headed ogres
  2 dancing weapons (D:13)
  5 boulder beetles
  3 death yaks (Lair:1)
  A deep elf archer (Volcano)
  Pikel (D:6)
  9 deep elf pyromancers
  A deep elf zephyrmancer (D:7)
  An ugly thing (D:12)
  A cyclops (D:11)
  3 manticores
  A black mamba (Lair:2)
  Joseph (D:8)
  A water nymph (Lair:3)
  3 rime drakes
  Maggie (D:6)
  3 cane toads
  Psyche (D:8)
  A kobold demonologist (D:12)
  2 komodo dragons
  3 trolls
  Prince Ribbit (D:8)
  3 blink frogs (Lair:3)
  4 slime creatures (D:11)
  A water elemental (D:13)
  3 fire bats (Lair:1)
  4 wraiths
  3 basilisks
  3 wyverns
  10 vampire mosquitoes
  11 yaks
  A steam dragon (D:6)
  3 fire elementals (Volcano)
  5 water moccasins
  5 acid dragons
  Duvessa (D:6)
  7 hell hounds (Volcano)
  8 orc warriors
  3 sky beasts
  3 ice beasts
  4 wolves (D:10)
  2 centaurs
  2 lemures
  2 phantoms (D:6)
  A kobold brigand (D:8)
  8 bullfrogs
  6 scorpions
  4 gnoll sergeants (D:7)
  7 wights
  Dowan (D:6)
  11 killer bees
  5 electric eels
  7 hounds
  Crazy Yiuf (D:2)
  7 orc priests
  Terence (D:3)
  2 gnoll boudas (D:7)
  2 iguanas
  5 orc wizards
  A sleepcap (D:5)
  14 gnolls
  5 adders
  A white imp (D:7)
  An ufetubus (D:6)
  3 worms
  3 dart slugs
  38 orcs
  4 endoplasms
  5 giant cockroaches
  6 goblins
  8 hobgoblins
  3 jackals (D:7)
  18 kobolds
  A quokka (D:2)
  8 ball pythons
  5 bats
  2 frilled lizards
  6 rats
341 creatures vanquished.

Vanquished Creatures (others)
  A deep elf pyromancer (Volcano)
1 creature vanquished.

Grand Total: 342 creatures vanquished

Notes
Turn   | Place    | Note
-------+----------+-------------------------------------------
     0 | D:1      | Ijustatesigmund the Octopode Venom Mage began the quest for
                  | the Orb.
     0 | D:1      | Reached XP level 1. HP: 11/11 MP: 3/3
    52 | D:1      | Found Lydgh's Jewellery Boutique.
    55 | D:1      | You fall into a shaft and drop 1 floor!
   497 | D:2      | Reached XP level 2. HP: 7/18 MP: 0/5
   648 | D:2      | Learned a level 2 spell: Poisonous Vapours
   654 | D:1      | Reached skill level 1 in Fighting
   756 | D:1      | Found Visch's Assorted Antiques.
   761 | D:1      | Bought a scroll labelled AGAFOAFRUK for 25 gold pieces
   798 | D:1      | Found Otyutsef's Jewellery Boutique.
   856 | D:1      | Found Saqalunli's Book Boutique.
   859 | D:1      | Found Qagosarph's General Store.
   913 | D:1      | Reached XP level 3. HP: 23/23 MP: 3/6
  1627 | D:2      | Reached skill level 1 in Air Magic
  1816 | D:2      | Found a runed translucent door.
  1817 | D:2      | Noticed Crazy Yiuf
  2206 | D:3      | Noticed Terence
  2218 | D:3      | Killed Terence
  2219 | D:3      | Reached XP level 4. HP: 24/28 MP: 1/8
  2469 | D:3      | Reached skill level 1 in Axes
  2518 | D:3      | Found a sparkling altar of Nemelex Xobeh.
  2518 | D:3      | Found a broken altar of Ashenzari.
  2752 | D:4      | Reached XP level 5. HP: 31/33 MP: 9/9
  2895 | D:3      | Learned a level 3 spell: Mephitic Cloud
  3216 | D:4      | Noticed an ice beast
  3222 | D:4      | Killed an ice beast
  3223 | D:4      | Reached skill level 1 in Conjurations
  3223 | D:4      | Reached skill level 5 in Poison Magic
  3223 | D:4      | Reached XP level 6. HP: 38/38 MP: 7/11
  3489 | D:4      | Found a hide-covered altar of Uskayaw.
  4316 | D:1      | Bought a copper ring for 125 gold pieces
  4318 | D:1      | Bought an amethyst potion for 22 gold pieces
  4318 | D:1      | Bought a scroll labelled JEIF DIETZO for 25 gold pieces
  4318 | D:1      | Bought a sedimented inky potion for 22 gold pieces
  4491 | D:5      | Entered Level 5 of the Dungeon
  4659 | D:5      | Reached XP level 7. HP: 43/43 MP: 7/12
  5170 | D:5      | Found a staircase to the Ecumenical Temple.
  5210 | D:5      | Found a stormy altar of Qazlal.
  6049 | D:6      | Learned a level 4 spell: Olgreb's Toxic Radiance
  6153 | D:6      | Found a glowing silver altar of Zin.
  6153 | D:6      | Found a runed translucent gate.
  6158 | D:6      | Found a runed translucent gate.
  6159 | D:6      | Found a runed translucent gate.
  6161 | D:6      | Noticed Bnni's ghost (novice FoEE)
  6161 | D:6      | Noticed kthxbai's ghost (novice VSFi)
  6227 | D:6      | Reached XP level 8. HP: 41/48 MP: 14/14
  6345 | D:6      | Noticed Maggie
  6360 | D:6      | Killed Maggie
  6361 | D:6      | Reached skill level 5 in Spellcasting
  6502 | D:6      | Reached skill level 5 in Air Magic
  7075 | D:6      | Noticed Duvessa
  7075 | D:6      | Noticed Dowan
  7082 | D:6      | Killed Duvessa
  7088 | D:6      | Killed Dowan
  7089 | D:6      | Reached XP level 9. HP: 38/54 MP: 10/16
  7154 | D:6      | Noticed Pikel
  7872 | D:2      | Killed Crazy Yiuf
  8541 | D:6      | Killed Pikel
  9119 | D:1      | Bought a scroll of teleportation for 75 gold pieces
  9119 | D:1      | Bought a white potion for 22 gold pieces
  9680 | D:7      | Identified a scroll of acquirement
  9680 | D:7      | Acquired 642 gold pieces
  9945 | D:1      | Bought the amulet of Bonamam {Fragile rPois Regen+ Dex+10
                  | Slay+5} for 776 gold pieces
 10214 | Temple   | Entered the Ecumenical Temple
 10415 | Temple   | Became a worshipper of Cheibriados the Contemplative
 10547 | D:7      | Reached skill level 1 in Invocations
 10549 | D:7      | Reached skill level 1 in Shields
 10585 | D:7      | Reached skill level 5 in Dodging
 10593 | D:7      | Identified the +6 mace of Qinwas {holy, rElec rN++ Str-3
                  | Int-4}
 10644 | D:7      | Reached skill level 2 in Invocations
 10723 | D:7      | Reached * piety under Cheibriados
 10733 | D:7      | Reached XP level 10. HP: 65/65 MP: 12/17
 10983 | D:7      | Reached skill level 3 in Invocations
 11013 | D:7      | Noticed a deep elf zephyrmancer
 11019 | D:7      | Killed a deep elf zephyrmancer
 11337 | D:8      | Reached skill level 4 in Invocations
 11402 | D:8      | Noticed Prince Ribbit
 11406 | D:8      | Killed Prince Ribbit
 11476 | D:8      | Reached ** piety under Cheibriados
 11647 | D:8      | Noticed Joseph
 11657 | D:8      | Killed Joseph
 11658 | D:8      | Reached skill level 5 in Axes
 11820 | D:8      | Noticed Psyche
 11891 | D:8      | Killed Psyche
 11892 | D:8      | Reached skill level 5 in Fighting
 12263 | D:9      | Reached skill level 1 in Evocations
 12330 | D:9      | Identified the +7 whip "Liucwyg" {speed, rN+ rCorr Str-2
                  | Dex+2}
 12404 | D:9      | Found a glowing golden altar of the Shining One.
 12492 | D:9      | Reached skill level 5 in Invocations
 12586 | D:9      | Noticed a two-headed ogre
 12589 | D:9      | Reached *** piety under Cheibriados
 12665 | D:9      | Killed a two-headed ogre
 12666 | D:9      | Reached XP level 11. HP: 72/72 MP: 13/20
 12817 | D:9      | Acquired 1043 gold pieces
 12991 | D:1      | Bought a +5 ring of evasion for 504 gold pieces
 12991 | D:1      | Bought a ring of wizardry for 420 gold pieces
 13000 | D:1      | Learned a level 4 spell: Dispel Undead
 13065 | D:1      | Bought a scroll of teleportation for 33 gold pieces
 13494 | D:10     | Entered Level 10 of the Dungeon
 13563 | D:10     | Identified the +8 flail of Wititosch {vamp, Dex+3}
 13646 | D:10     | Found Horag's Armour Emporium.
 13657 | D:10     | Reached skill level 1 in Necromancy
 13808 | D:10     | Reached skill level 6 in Invocations
 13846 | D:10     | Reached **** piety under Cheibriados
 13873 | D:10     | Found a staircase to the Orcish Mines.
 13875 | D:10     | Found Qeraeng's Weapon Emporium.
 13887 | D:10     | Found a basalt altar of Yredelemnul.
 13986 | D:10     | Found a staircase to the Lair.
 14392 | D:11     | Noticed a manticore
 14400 | D:11     | Killed a manticore
 14469 | D:11     | Learned a level 4 spell: Sticky Flame
 14507 | D:12     | Noticed a white ugly thing
 14549 | D:12     | Killed a white ugly thing
 14550 | D:12     | Reached skill level 1 in Fire Magic
 14592 | D:12     | Learned a level 5 spell: Irradiate
 14761 | D:11     | Noticed a cyclops
 14764 | D:11     | Noticed a manticore
 14767 | D:11     | Killed a cyclops
 14776 | D:11     | Killed a manticore
 14832 | D:11     | Noticed a boulder beetle
 14842 | D:11     | Killed a boulder beetle
 14843 | D:11     | Reached skill level 7 in Invocations
 15179 | D:11     | Noticed a boulder beetle
 15189 | D:11     | Killed a boulder beetle
 15562 | D:12     | Reached XP level 12. HP: 59/77 MP: 23/23
 16310 | D:13     | Noticed a centaur warrior
 16311 | D:13     | Noticed a boulder beetle
 16312 | D:13     | Noticed a two-headed ogre
 16315 | D:13     | Noticed a centaur warrior
 16327 | D:13     | Killed a centaur warrior
 16328 | D:13     | Killed a two-headed ogre
 16329 | D:13     | Reached skill level 5 in Necromancy
 16332 | D:13     | Killed a centaur warrior
 16333 | D:13     | Reached skill level 8 in Invocations
 16336 | D:13     | Killed a boulder beetle
 16591 | D:13     | Noticed a centaur warrior
 16789 | D:13     | Noticed a centaur warrior
 16802 | D:13     | Reached ***** piety under Cheibriados
 16803 | D:13     | Killed a centaur warrior
 16878 | D:13     | Killed a centaur warrior
 16878 | D:13     | Noticed a boulder beetle
 16886 | D:13     | Killed a boulder beetle
 16887 | D:13     | Reached skill level 5 in Fire Magic
 16896 | D:13     | Noticed Jorgrun
 16903 | D:13     | Killed Jorgrun
 16904 | D:13     | Reached skill level 5 in Transmutations
 16975 | D:13     | Found a gate to the Vaults.
 17080 | D:13     | Found an ornate altar of the Wu Jian Council.
 17547 | Lair:1   | Entered Level 1 of the Lair of Beasts
 17693 | Lair:1   | Reached skill level 9 in Invocations
 17722 | Lair:1   | Reached XP level 13. HP: 73/82 MP: 25/25
 17725 | Lair:1   | Found a dark tunnel.
 17736 | Volcano  | Entered a volcano
 19010 | Lair:2   | Reached skill level 5 in Conjurations
 19141 | Lair:2   | Noticed Gastronok
 19153 | Lair:2   | Killed Gastronok
 20135 | Lair:3   | Found a hole to the Spider Nest.
 20629 | Lair:3   | Noticed Rupert
 20638 | Lair:3   | Reached skill level 10 in Invocations
 20641 | Lair:3   | Demolished by Rupert

Illustrated notes

Levels and vault maps discovered:
D:1:      minmay_arrival_radiant_lines, layout_rooms, serial_shops,
          nicolae_shop_temple_entry_statues_fountains, nicolae_shop_trees, shop,
          shop, nicolae_shop_competitors_out_of_business
D:2:      layout_loops_ring, minmay_worlds_worst_comb, uniq_crazy_yiuf_cottage
D:3:      layout_rooms, gammafunk_temple_overflow_pools, amethyst_killhole,
          minmay_misc_feat_hallway, uniq_terence
D:4:      layout_loops_cross, overflow_temple_1_default
D:5:      layout_layer_cave, amcnicky_altar_gilded, minmay_temple_entry_fiery,
          portal_sewer_entry_e
D:6:      layout_gridville, mainiacjoe_overflow_paths, gammafunk_ghost_cemetery,
          uniq_duvessa, uniq_pikel, uniq_maggie
D:7:      layout_cave_pools, serial_gnoll_camp, gnoll_camp_huts_basic,
          gnoll_camp_mini_hut, gnoll_camp_mini_basic, gnoll_camp_mini_hut,
          gnoll_camp_mini_hut, guppyfry_early_elven_hall
D:8:      layout_loops_ring, uniq_psyche, uniq_prince_ribbit1, uniq_joseph
D:9:      layout_roguey, kennysheep_mini
D:10:     layout_irregular_city, yredelemnul_altar_generic, erik_lair_island,
          orc_david_3, kennysheep_generic_room_3
D:11:     layout_cave_pools
D:12:     layout_basic, st_stairs_13
D:13:     layout_basic, erik_vaults_1, pdpol_wu_jian_five_deadly_venoms,
          uniq_jorgrun
Temple:   regret_index_temple_generic_petals
Lair:1:   layout_hall_layers, nicolae_volcano_entry_batcave,
          nicolae_lair_grazing_beasts [nicolae_sub_lair_graze_edge,
          nicolae_sub_lair_graze_edge, nicolae_sub_lair_graze_edge,
          nicolae_sub_lair_graze_edge], grunt_megastairs_1
Lair:2:   layout_cave_pods, chequers_serial_rivers_micro_e, uniq_gastronok
Lair:3:   layout_cave_pods, nicolae_shoals_entry_flooding,
          nicolae_spider_entry_non_spiders, grunt_megastairs_2,
          infiniplex_staircase_pool, uniq_rupert

Skill      XL: |  1  2  3  4  5  6  7  8  9 10 11 12 13 |
---------------+----------------------------------------+-----
Fighting       | 1 4 5 |  5.5
Poison Magic   | 4 5 6 7 8 |  8.3
Air Magic      | 1 2 3 4 5 |  5.9
Axes           | 1 2 4 5 |  5.6
Spellcasting   | 3 4 5 6 7 8 9 |  9.4
Conjurations   | 1 2 3 4 5 |  5.4
Dodging        | 5 6 |  6.1
Invocations    | 2 5 7 9 10 | 10.0
Shields        | 2 4 |  4.9
Evocations     | 2 |  2.5
Necromancy     | 4 6 7 |  7.5
Fire Magic     | 2 5 6 |  6.8
Transmutations | 2 5 6 |  6.8
Stealth        | 3 |  3.6

Action                     |  1- 3 |  4- 6 |  7- 9 | 10-12 | 13-15 || total
---------------------------+-------+-------+-------+-------+-------++-------
  Melee: Unarmed           |    18 |     4 |       |       |       ||    22
         Constrict         |    13 |    13 |    25 |    34 |    16 ||   101
         Tentacles         |    10 |     9 |    23 |    48 |    23 ||   113
         War axe           |    40 |    64 |   124 |   177 |   105 ||   510
         Punch             |     1 |     1 |     2 |     2 |       ||     6
   Cast: Sting             |    13 |     8 |     2 |       |       ||    23
         Poisonous Vapours |     8 |    15 |     7 |    23 |     2 ||    55
         Mephitic Cloud    |       |     2 |     7 |     3 |     1 ||    13
         Olgreb's Toxic Ra |       |       |    13 |    41 |    15 ||    69
         Sticky Flame      |       |       |       |     1 |       ||     1
         Dispel Undead     |       |       |       |     1 |       ||     1
         Irradiate         |       |       |       |       |     8 ||     8
 Invoke: Slouch            |       |       |       |     1 |     1 ||     2
  Evoke: Wand              |       |       |       |    11 |     1 ||    12
    Use: Scroll            |     7 |     6 |    10 |     9 |     2 ||    34
         Potion            |       |     1 |     1 |     5 |       ||     7
   Stab: Sleeping          |     8 |     5 |     4 |     9 |     9 ||    35
         Confused          |       |       |     2 |     2 |     1 ||     5
         Paralysed         |       |       |       |     1 |       ||     1
         Distracted        |       |       |       |     3 |       ||     3
 Armour: Skin              |     9 |     7 |     4 |     5 |     5 ||    30
  Dodge: Dodged            |    50 |    36 |    92 |   198 |    89 ||   465
  Block: Buckler           |       |       |     5 |    85 |    38 ||   128
